[Event "Titled Tuesday Blitz July 05 Early 2022"]
[White "Hakobyan, Aram"]
[Black "Molina, Roberto Junio Brito"]
[WhiteFideId "13306677"]
[BlackFideId "2109450"]
[WhiteElo "2557"]
[BlackElo "2432"]
[Result "1-0"]
[Round "04"]
[TimeControl "180+1"]
[Date "2022.07.05"]
[WhiteClock "0:00:13"]
[BlackClock "0:00:02"]

1. e4 c6 2. d4 d5 3. exd5 cxd5 4. c3 Nc6 5. Nf3 Bg4 6. h3 Bh5 7. Qb3 Qd7 8. Ne5 Nxe5 9. dxe5 a6 10. c4 Rc8 11. Nc3 dxc4 12. Bxc4 Qd4 13. Qa4+ Qd7 14. Qb3 Qd4 15. Bd5 Qxe5+ 16. Be3 b5 17. Bb7 Rb8 18. Bc6+ Kd8 19. g4 Bg6 20. O-O-O+ Kc7 21. Bg2 e6 22. Rhe1 Bc5 23. Nd5+ exd5 24. Bxc5 Qf4+ 25. Be3 Qc4+ 26. Qxc4+ dxc4 27. Bf4+ Kc8 28. Re8# 1-0


[Site "https://www.chess.com"]

[Event "Titled Tuesday Blitz July 05 Early 2022"]
[White "Ibarra Jerez, Jose Carlos"]
[Black "Korchmar, Vasiliy"]
[WhiteFideId "2226332"]
[BlackFideId "24131750"]
[WhiteElo "2628"]
[BlackElo "2370"]
[Result "1-0"]
[Round "04"]
[TimeControl "180+1"]
[Date "2022.07.05"]
[WhiteClock "0:00:11"]
[BlackClock "0:00:03"]

1. e4 c5 2. Nc3 d6 3. d4 cxd4 4. Qxd4 Nc6 5. Qd2 g6 6. b3 Bh6 7. f4 Nf6 8. Bb2 O-O 9. O-O-O a5 10. a4 Nb4 11. Kb1 Qb6 12. Nf3 Bg4 13. Be2 Rfc8 14. Nd4 e5 15. Ndb5 Bxf4 16. Qxd6 Rc6 17. Bxg4 Rxd6 18. Rxd6 Qf2 19. Rxf6 Qxc2+ 20. Ka1 Nd3 21. Rb1 Bc1 22. Bxc1 Nxc1 23. Bd1 Qd2 24. Rd6 Qe3 25. Nd5 Qc5 26. Nf6+ Kg7 27. Nd7 Qe3 28. Nxe5 Rc8 29. Nc4 Rxc4 30. bxc4 Nd3 31. Bb3 Nb4 32. c5 Qxe4 33. Rd7 Qe5+ 34. Nd4 Kh6 35. Rf1 Nc6 36. Rd1 Qxc5 37. Nxc6 Qa3+ 38. Ba2 Qc3+ 39. Kb1 bxc6 40. R7d3 Qb4+ 41. Bb3 c5 42. Rc1 f5 43. Rc4 Qe1+ 44. Kb2 Qe2+ 45. Bc2 Qe5+ 46. Rdc3 Qe2 47. Rxc5 Qxg2 48. h3 f4 49. R5c4 g5 50. Rc6+ Kh5 51. Kb3 f3 52. Bd1 1-0


[Site "https://www.chess.com"]

[Event "Titled Tuesday Blitz July 05 Early 2022"]
[White "Jobava, Baadur"]
[Black "Aloma Vidal, Robert"]
[WhiteFideId "13601520"]
[BlackFideId "2260409"]
[WhiteElo "2617"]
[BlackElo "2435"]
[Result "1-0"]
[Round "04"]
[TimeControl "180+1"]
[Date "2022.07.05"]
[WhiteClock "0:02:38"]
[BlackClock "0:01:09"]

1. b3 e5 2. Bb2 Nc6 3. Nf3 e4 4. Nd4 Nf6 5. e3 Nxd4 6. Bxd4 c5 7. Bb2 Be7 8. c4 O-O 9. Nc3 b6 10. d4 exd3 11. Bxd3 Bb7 12. e4 Re8 13. O-O Bd6 14. f4 Qc7 15. Nb5 1-0


[Site "https://www.chess.com"]

[Event "Titled Tuesday Blitz July 05 Early 2022"]
[White "Kamsky, Gata"]
[Black "Rosen, Eric"]
[WhiteFideId "2000024"]
[BlackFideId "2032562"]
[WhiteElo "2645"]
[BlackElo "2362"]
[Result "1-0"]
[Round "04"]
[TimeControl "180+1"]
[Date "2022.07.05"]
[WhiteClock "0:00:15"]
[BlackClock "0:00:01"]

1. e4 c5 2. Nf3 e6 3. g3 Nc6 4. Bg2 Nf6 5. Qe2 e5 6. O-O Be7 7. c3 O-O 8. a3 d5 9. exd5 Qxd5 10. d3 Bf5 11. Ne1 Qe6 12. Nd2 Bd6 13. b4 Rac8 14. Bb2 Rfe8 15. b5 Na5 16. c4 b6 17. Bc3 Rcd8 18. Rc1 h5 19. Bxa5 bxa5 20. Ne4 Nxe4 21. dxe4 Bg6 22. Nc2 Be7 23. h4 a4 24. Rcd1 f6 25. Rd5 Bf7 26. Ne3 Bf8 27. Rfd1 Qb6 28. Rxd8 Rxd8 29. Nd5 Qa5 30. Bf3 Bxd5 31. exd5 g6 32. Be4 f5 33. Bxf5 gxf5 34. Qxh5 f4 35. Qg5+ Bg7 36. h5 Kh8 37. h6 Rg8 38. hxg7+ Rxg7 39. Qxe5 fxg3 40. fxg3 a6 41. Rf1 Qc7 42. Rf8+ Kh7 43. Qh5# 1-0


[Site "https://www.chess.com"]

[Event "Titled Tuesday Blitz July 05 Early 2022"]
[White "Kovalev, Vladislav"]
[Black "Kozlov, Oleg"]
[WhiteFideId "13504398"]
[BlackFideId "4104544"]
[WhiteElo "2530"]
[BlackElo "2132"]
[Result "1-0"]
[Round "04"]
[TimeControl "180+1"]
[Date "2022.07.05"]
[WhiteClock "0:00:07"]
[BlackClock "0:00:04"]

1. e4 c6 2. Nf3 d5 3. d3 g6 4. Nbd2 Bg7 5. g3 e5 6. Bg2 Ne7 7. O-O O-O 8. Re1 d4 9. Nc4 Qc7 10. a4 Nd7 11. c3 c5 12. cxd4 cxd4 13. b4 Nb6 14. Nxb6 Qxb6 15. Ba3 Bd7 16. b5 Rfe8 17. Qb3 a6 18. Ng5 Qf6 19. f4 exf4 20. gxf4 h6 21. e5 Qxf4 22. Nxf7 Kh7 23. e6 Bc8 24. Nd6 Rd8 25. Nxc8 Nxc8 26. e7 Re8 27. Bxb7 Rb8 28. bxa6 Be5 29. Qc2 Nxe7 30. Re4 Qf5 31. Rf1 Qg5+ 32. Qg2 Qxg2+ 33. Kxg2 Nf5 34. Bc6 Re6 35. a7 Rxc6 36. Rxe5 Ra8 37. Bc5 Ra6 38. Ra1 Rc6 39. Kf3 Kg7 40. Ke4 Kf6 41. a5 h5 42. Bxd4 Nxd4 43. Kxd4 Rd8+ 44. Rd5 Rxd5+ 45. Kxd5 Ra6 46. a8=Q Rxa8 47. a6 g5 48. d4 g4 49. Ke4 Kg5 50. Ra5+ Kg6 51. a7 h4 52. Kf4 g3 53. hxg3 h3 54. Ra6+ Kg7 55. Ra2 h2 56. Rxh2 Rxa7 57. Rh5 Rf7+ 58. Rf5 Rd7 59. d5 Kg6 60. g4 Kg7 61. Ke5 Re7+ 62. Kd6 Re1 63. Kd7 Kg6 64. d6 Re4 65. Rf1 Rxg4 66. Kc6 Rc4+ 67. Kd5 Rc2 68. d7 Rd2+ 69. Kc6 Kg7 70. Rf5 Rc2+ 71. Rc5 Rd2 72. Rd5 Rc2+ 73. Kd6 1-0


[Site "https://www.chess.com"]

[Event "Titled Tuesday Blitz July 05 Early 2022"]
[White "Lashkin, Jegor"]
[Black "Janaszak, Dawid"]
[WhiteFideId "13907808"]
[BlackFideId "1119206"]
[WhiteElo "2368"]
[BlackElo "2199"]
[Result "1-0"]
[Round "04"]
[TimeControl "180+1"]
[Date "2022.07.05"]
[WhiteClock "0:00:53"]
[BlackClock "0:00:15"]

1. d4 Nf6 2. c4 e6 3. Nf3 d5 4. Nc3 Bb4 5. cxd5 exd5 6. Bg5 c6 7. e3 Bf5 8. Qb3 Qb6 9. Nh4 Be6 10. Bxf6 gxf6 11. Bd3 Na6 12. O-O Nc7 13. Qc2 h5 14. Na4 Qa5 15. a3 Be7 16. b4 Bxb4 17. axb4 Qxb4 18. Nc5 Qb6 19. Rfb1 Nb5 20. Nxe6 fxe6 21. Bxb5 cxb5 22. Qg6+ Kd7 23. Qxf6 Rhe8 24. Ng6 a6 25. Qf7+ Kd6 26. Ne5 Qc7 27. Qf4 Rf8 28. Qh4 Rac8 29. h3 Rf5 30. Qg3 h4 31. Qxh4 Qc2 32. Qg3 Ke7 33. Qg7+ Ke8 34. Qd7+ Kf8 35. Rb2 Qxb2 36. Qxc8+ Kg7 37. Rf1 b4 38. Qxe6 Rf8 39. Qg6+ Kh8 40. Nd7 Rg8 41. Qh6# 1-0


[Site "https://www.chess.com"]

[Event "Titled Tuesday Blitz July 05 Early 2022"]
[White "Lazavik, Denis"]
[Black "Aggelis, Nikolaos"]
[WhiteFideId "13515110"]
[BlackFideId "4213220"]
[WhiteElo "2437"]
[BlackElo "2154"]
[Result "1-0"]
[Round "04"]
[TimeControl "180+1"]
[Date "2022.07.05"]
[WhiteClock "0:00:56"]
[BlackClock "0:00:15"]

1. d4 Nf6 2. c4 g6 3. g3 Bg7 4. Bg2 d5 5. cxd5 Nxd5 6. Nf3 O-O 7. O-O Nc6 8. Nc3 e5 9. Bg5 f6 10. Bc1 Nxc3 11. bxc3 e4 12. Nd2 f5 13. Rb1 Kh8 14. f3 exf3 15. Nxf3 Qe7 16. Bg5 Qf7 17. Qd2 Rb8 18. e4 Qc4 19. Nh4 Be6 20. exf5 Bxf5 21. Nxf5 gxf5 22. Rf4 h6 23. Bxh6 Bxh6 24. Rh4 Rf6 25. Rxh6+ Rxh6 26. Qxh6+ Kg8 27. Rf1 Rf8 28. Qg6+ Kh8 29. Rf4 1-0


[Site "https://www.chess.com"]

[Event "Titled Tuesday Blitz July 05 Early 2022"]
[White "Martinez Alcantara, Jose Eduardo"]
[Black "Bachmann, Axel"]
[WhiteFideId "3805662"]
[BlackFideId "3700488"]
[WhiteElo "2703"]
[BlackElo "2587"]
[Result "1-0"]
[Round "04"]
[TimeControl "180+1"]
[Date "2022.07.05"]
[WhiteClock "0:01:28"]
[BlackClock "0:00:13"]

1. e4 e5 2. Nf3 Nc6 3. Bb5 a6 4. Ba4 Nf6 5. d3 b5 6. Bb3 Bc5 7. c3 d6 8. Bg5 h6 9. Bh4 g5 10. Bg3 Bb6 11. Nbd2 Nh5 12. Nf1 Nf4 13. Ne3 Na5 14. Bc2 Bxe3 15. fxe3 Nxg2+ 16. Kd2 g4 17. Ne1 Nh4 18. Qe2 Qg5 19. Qf2 Ng6 20. Ng2 Be6 21. Nh4 Rd8 22. b4 Nc6 23. a4 d5 24. Nxg6 Qxg6 25. Bh4 O-O 26. Bxd8 Rxd8 27. axb5 axb5 28. exd5 Bxd5 29. Rhg1 h5 30. Kc1 Bf3 31. e4 Ne7 32. Kb2 Rd6 33. Ra5 c6 34. Ra7 Re6 35. Bb3 1-0


[Site "https://www.chess.com"]

[Event "Titled Tuesday Blitz July 05 Early 2022"]
[White "Mindlin, Alon"]
[Black "Melkumyan, Hrant"]
[WhiteFideId "2800071"]
[BlackFideId "13302485"]
[WhiteElo "2390"]
[BlackElo "2604"]
[Result "0-1"]
[Round "04"]
[TimeControl "180+1"]
[Date "2022.07.05"]
[WhiteClock "0:00:34"]
[BlackClock "0:00:20"]

1. d4 Nf6 2. c4 g6 3. Nc3 Bg7 4. e4 d6 5. f3 O-O 6. Be3 a6 7. Bd3 c5 8. Nge2 Nc6 9. d5 Ne5 10. a4 e6 11. O-O exd5 12. cxd5 Re8 13. Rb1 Nfd7 14. Nf4 Nxd3 15. Nxd3 Ne5 16. Nxe5 Bxe5 17. Qd2 Qh4 18. g3 Qf6 19. f4 Bxc3 20. Qxc3 Qxc3 21. bxc3 Rxe4 22. Rfe1 Bh3 23. Rxb7 Rae8 24. Kf2 Rxa4 25. Bd4 Ra2+ 26. Kf3 Bg2+ 27. Kg4 f5+ 28. Kg5 Rxe1 29. Kf6 Rae2 30. Be5 h5 31. Kxg6 Kf8 32. Kf6 Ke8 33. Ke6 Rxe5+ 34. fxe5 Rxe5+ 35. Kf6 Rxd5 36. Ra7 Kd8 37. Ke6 Rd2 38. Rxa6 Kc7 39. Kxf5 Bb7 40. Ra2 Rxa2 0-1


[Site "https://www.chess.com"]

[Event "Titled Tuesday Blitz July 05 Early 2022"]
[White "Mitrabha, Guha"]
[Black "Corrales Jimenez, Fidel"]
[WhiteFideId "5057000"]
[BlackFideId "3506690"]
[WhiteElo "2499"]
[BlackElo "2541"]
[Result "1-0"]
[Round "04"]
[TimeControl "180+1"]
[Date "2022.07.05"]
[WhiteClock "0:00:15"]
[BlackClock "0:00:06"]

1. d4 Nf6 2. Nf3 g6 3. c4 Bg7 4. g3 O-O 5. Bg2 d5 6. O-O Nc6 7. Nbd2 Re8 8. b3 dxc4 9. Nxc4 Be6 10. Bb2 Bd5 11. Re1 a5 12. a4 Ne4 13. Rc1 Nd6 14. Ne3 Be4 15. Qd2 Nb4 16. Nd1 Nd5 17. Ne5 Bxg2 18. Kxg2 c6 19. e4 Nc7 20. Nf3 Ne6 21. d5 cxd5 22. Bxg7 Nxg7 23. Qxd5 Qb6 24. Ne3 Rad8 25. Ng4 h5 26. Nh6+ Kf8 27. Ng5 Ne6 28. Qxe6 Kg7 29. Nhxf7 Rf8 30. Qe5+ Kg8 31. Qh8# 1-0


[Site "https://www.chess.com"]

[Event "Titled Tuesday Blitz July 05 Early 2022"]
[White "Moussard, Jules"]
[Black "Koziorowicz, Michal"]
[WhiteFideId "642908"]
[BlackFideId "21809194"]
[WhiteElo "2589"]
[BlackElo "2202"]
[Result "1-0"]
[Round "04"]
[TimeControl "180+1"]
[Date "2022.07.05"]
[WhiteClock "0:00:16"]
[BlackClock "0:00:18"]

1. Nf3 Nf6 2. b3 g6 3. Bb2 Bg7 4. g3 O-O 5. Bg2 c5 6. c4 Nc6 7. O-O e6 8. d4 cxd4 9. Nxd4 Nxd4 10. Qxd4 d5 11. cxd5 exd5 12. Qd1 Be6 13. Nd2 Rc8 14. Nf3 Re8 15. Rc1 Qa5 16. a3 Rxc1 17. Qxc1 Rc8 18. Qa1 Qd8 19. b4 Rc2 20. Nd4 Rc4 21. Rd1 Ne8 22. Nxe6 fxe6 23. e4 d4 24. Bf1 Rc7 25. Qa2 Re7 26. Qc4 Nc7 27. f4 g5 28. e5 gxf4 29. gxf4 Qf8 30. Rxd4 Nd5 31. Bh3 Qf7 32. Bxe6 Rxe6 33. Qxd5 Kh8 34. Qe4 Re8 35. Rd2 Qb3 36. Qd3 Qf7 37. Qe4 Qb3 38. f5 Rg8 39. Kf2 Qh3 40. Ke2 Qxh2+ 41. Kd1 Qh5+ 42. Kc2 Re8 43. f6 Bxf6 44. exf6 1-0


[Site "https://www.chess.com"]

[Event "Titled Tuesday Blitz July 05 Early 2022"]
[White "Nasir, Zehn"]
[Black "Zhigalko, Sergei"]
[WhiteFideId "2613239"]
[BlackFideId "13502956"]
[WhiteElo "1993"]
[BlackElo "2662"]
[Result "0-1"]
[Round "04"]
[TimeControl "180+1"]
[Date "2022.07.05"]
[WhiteClock "0:00:04"]
[BlackClock "0:00:07"]

1. d4 Nf6 2. Bf4 e6 3. e3 d5 4. Nf3 Bd6 5. Ne5 O-O 6. Bd3 c5 7. c3 Nc6 8. Nd2 Qc7 9. Ndf3 h6 10. Nxc6 bxc6 11. Ne5 Rb8 12. Rb1 Nd7 13. Qh5 cxd4 14. exd4 c5 15. Bxh6 Bxe5 16. Bxg7 f5 17. Bxe5 Nxe5 18. Qg5+ Kf7 19. dxe5 Qxe5+ 20. Qe3 Qxe3+ 21. fxe3 Rg8 22. Kf2 Bb7 23. Be2 e5 24. Bf3 Kf6 25. b4 e4 26. Be2 d4 27. cxd4 cxd4 28. g3 d3 29. Bd1 Bd5 30. Bb3 Bxb3 31. Rxb3 Rgc8 32. Rb2 a5 33. a3 Rc3 34. Rhb1 a4 35. Ra2 Rbc8 36. Rbb2 Rc2+ 37. Ke1 Rc1+ 38. Kd2 Rh1 39. Rc2 dxc2 40. Rxc2 Rxh2+ 41. Kd1 Rhxc2 42. b5 Ra2 43. b6 Rh8 44. b7 Rh1# 0-1


[Site "https://www.chess.com"]

[Event "Titled Tuesday Blitz July 05 Early 2022"]
[White "Perez Ponsa, Federico"]
[Black "Saveliev, Alexei"]
[WhiteFideId "117927"]
[BlackFideId "24128546"]
[WhiteElo "2672"]
[BlackElo "2281"]
[Result "0-1"]
[Round "04"]
[TimeControl "180+1"]
[Date "2022.07.05"]
[WhiteClock "0:00:31"]
[BlackClock "0:01:44"]

1. e4 g6 2. d4 Bg7 3. Nc3 d6 4. Be3 Nc6 5. Nge2 e5 6. d5 Nce7 7. h4 h5 8. f3 f5 9. Qd2 Nf6 10. Bg5 b5 11. a3 a5 12. Ng3 Bd7 13. Bxb5 O-O 14. Bxd7 Qxd7 15. O-O Nh7 16. Bh6 Bxh6 17. Qxh6 f4 18. Nge2 Kh8 19. g3 Rf6 20. Nxf4 exf4 21. e5 Ng8 0-1


[Site "https://www.chess.com"]

[Event "Titled Tuesday Blitz July 05 Early 2022"]
[White "Rozman, Levy"]
[Black "Hansen, Eric"]
[WhiteFideId "2039877"]
[BlackFideId "2606771"]
[WhiteElo "2376"]
[BlackElo "2568"]
[Result "0-1"]
[Round "04"]
[TimeControl "180+1"]
[Date "2022.07.05"]
[WhiteClock "0:00:01"]
[BlackClock "0:00:15"]

1. e4 c5 2. a3 d5 3. exd5 Qxd5 4. Nf3 Nc6 5. Nc3 Qd8 6. Bb5 Bd7 7. O-O Nf6 8. d4 cxd4 9. Nxd4 Nxd4 10. Qxd4 Bxb5 11. Nxb5 Qxd4 12. Nxd4 Rc8 13. c3 e6 14. a4 a6 15. Bf4 Nd5 16. Bg3 Rc4 17. Nb3 b6 18. Rfd1 h5 19. f3 h4 20. Bf2 g5 21. Rd4 Rc6 22. Re1 Be7 23. Rde4 O-O 24. Nd4 Rc7 25. g3 hxg3 26. hxg3 Bf6 27. f4 gxf4 28. gxf4 Rd8 29. f5 e5 30. Rg4+ Kf8 31. Nf3 Re8 32. c4 Nf4 33. Bxb6 Rxc4 34. Kh1 Ke7 35. Nxe5 Rh8+ 36. Kg1 Bxe5 37. Rxe5+ Kf6 38. Re1 Nh3+ 39. Kg2 Rxg4+ 40. Kf3 Rb4 41. Bc5 Ng5+ 42. Kg2 Rg4+ 0-1


[Site "https://www.chess.com"]

[Event "Titled Tuesday Blitz July 05 Early 2022"]
[White "Severino, Sander"]
[Black "Sjugirov, Sanan"]
[WhiteFideId "5204100"]
[BlackFideId "4189302"]
[WhiteElo "2408"]
[BlackElo "2609"]
[Result "1/2-1/2"]
[Round "04"]
[TimeControl "180+1"]
[Date "2022.07.05"]
[WhiteClock "0:00:08"]
[BlackClock "0:01:57"]

1. d4 Nf6 2. c4 e6 3. Nf3 b6 4. g3 Bb7 5. Bg2 Bb4+ 6. Bd2 c5 7. O-O O-O 8. Re1 d6 9. Bxb4 cxb4 10. a3 bxa3 11. Nxa3 a5 12. Qb3 Na6 13. Nc2 Rc8 14. Rac1 Qc7 15. Na3 Nb4 16. Bf1 Ne4 17. Nb5 Qe7 18. Nc3 Nf6 19. e4 Nd7 20. Na2 Nxa2 21. Qxa2 Nf6 22. Bd3 e5 23. Qa3 Qc7 24. b4 axb4 25. Qxb4 Rfe8 26. d5 Nd7 27. Rb1 Ra8 28. Ra1 Ra5 29. Nd2 Nc5 30. Bc2 Rea8 31. Rab1 R5a6 32. Rb2 Bc8 33. Reb1 h6 34. Qc3 Bd7 35. Rb4 Ra3 36. Qb2 Ra2 37. Qc1 R8a6 38. R4b2 R2a3 39. Rxb6 Rxg3+ 40. hxg3 Rxb6 41. Rxb6 Qxb6 42. Qa3 g6 43. Nb3 Na4 44. Nc1 Qb2 45. Qxb2 Nxb2 46. Bb3 Bc8 47. Na2 Ba6 48. c5 dxc5 49. d6 Kf8 50. Nc3 c4 51. Ba4 Nd3 52. Nd5 Bc8 53. d7 Bxd7 54. Bxd7 Nc5 55. Bb5 Nxe4 56. Bxc4 Nd6 57. Be2 Kg7 58. Kg2 f5 59. Ne3 Kf6 60. Nc4 Ne4 61. Bd3 Nc3 62. Bc2 Nd5 63. Ne3 Nb4 64. Bb3 Nc6 65. Nd5+ Kg7 66. Ne3 Nd4 67. Bc4 h5 68. f4 exf4 69. gxf4 Nc6 70. Bd5 Nd4 71. Nc4 Ne2 72. Kf3 Nc3 73. Be6 Kf6 74. Bc8 Nb5 75. Ne5 Nd4+ 76. Kg3 Ne2+ 77. Kf3 Nd4+ 78. Ke3 Nb5 79. Bb7 Nd6 80. Bf3 Nb5 81. Nd7+ Kg7 82. Nc5 Nd6 83. Ne6+ Kf6 84. Ng5 Nc4+ 85. Kd4 Nd2 86. Bg2 Nb3+ 87. Kd3 Nc5+ 88. Ke3 Na4 89. Bd5 Nc3 90. Bc4 Nd1+ 91. Kd2 Nf2 92. Ke3 Ng4+ 93. Kf3 Ke7 94. Bd3 Nf6 95. Ke3 Nd5+ 96. Kf3 Kf6 97. Nh3 Ne7 98. Bc4 Nc6 99. Be2 Nd4+ 100. Ke3 Ne6 101. Bf3 Nc7 102. Nf2 Ne8 103. Nd3 Ng7 104. Nc5 Ke7 105. Nd3 Ne6 106. Ne5 Kf6 107. Nd3 g5 108. fxg5+ Kxg5 109. Bd5 f4+ 110. Kf2 Nd4 111. Bf3 h4 112. Ne1 h3 113. Bh1 Nf5 114. Nf3+ Kg4 115. Nh2+ Kh4 116. Nf3+ Kh5 117. Ne5 Ng3 118. Bf3+ Kg5 119. Ng4 Kh4 120. Nh2 Nf5 121. Be4 Ng3 122. Bf3 Nf5 123. Be4 Ng3 124. Bf3 1/2-1/2


[Site "https://www.chess.com"]

[Event "Titled Tuesday Blitz July 05 Early 2022"]
[White "So, Wesley"]
[Black "Seemann, Jakub"]
[WhiteFideId "5202213"]
[BlackFideId "21874697"]
[WhiteElo "2763"]
[BlackElo "2033"]
[Result "1-0"]
[Round "04"]
[TimeControl "180+1"]
[Date "2022.07.05"]
[WhiteClock "0:00:28"]
[BlackClock "0:00:02"]

1. d4 Nf6 2. Bf4 e6 3. e3 c5 4. Nd2 Nc6 5. c3 d5 6. Bd3 Bd6 7. Bxd6 Qxd6 8. f4 b6 9. Ngf3 cxd4 10. cxd4 Nb4 11. Be2 O-O 12. a3 Nc6 13. Ne5 Bb7 14. Bd3 Qe7 15. O-O Nd7 16. Nxc6 Bxc6 17. Qc2 Rfc8 18. Bxh7+ Kf8 19. Bd3 Nf6 20. Rac1 Ng4 21. Rfe1 Bb7 22. Qd1 Qh4 23. Nf1 Qf2+ 24. Kh1 Rxc1 25. Qxc1 Rc8 26. Qd1 f5 27. h3 Qh4 28. Qe2 Nf2+ 29. Kg1 Nxd3 30. g3 Nxf4 31. exf4 Qf6 32. Qf2 Ba6 33. Nh2 Bd3 34. Nf3 Rc2 35. Qe3 Be4 36. Ne5 Qh6 37. h4 Kg8 38. Re2 Rxe2 39. Qxe2 Qf6 40. Qb5 Qd8 41. Qc6 Qe7 42. Qc8+ Kh7 43. Qh8+ Kxh8 44. Ng6+ Kg8 45. Nxe7+ Kf7 46. Nc6 a5 47. Ne5+ Ke7 48. Kf2 Kd6 49. Ke3 b5 50. Nf7+ Kc6 51. Nd8+ Kd7 52. Nb7 a4 53. Nc5+ Kd6 54. Kd2 Bf3 55. Kc3 Be2 56. Kb4 Bc4 57. Ka5 Be2 58. Kb6 Bc4 59. Na6 e5 60. dxe5+ Ke6 61. Kc5 b4 62. Nxb4 1-0


[Site "https://www.chess.com"]

[Event "Titled Tuesday Blitz July 05 Early 2022"]
[White "Svane, Frederik"]
[Black "Csonka, Balazs"]
[WhiteFideId "12923044"]
[BlackFideId "742910"]
[WhiteElo "2459"]
[BlackElo "2404"]
[Result "1-0"]
[Round "04"]
[TimeControl "180+1"]
[Date "2022.07.05"]
[WhiteClock "0:00:53"]
[BlackClock "0:00:01"]

1. e4 c6 2. d4 d5 3. exd5 cxd5 4. Nf3 Nc6 5. c3 Bg4 6. h3 Bh5 7. Qb3 Qd7 8. Ne5 Nxe5 9. dxe5 a6 10. c4 dxc4 11. Bxc4 e6 12. O-O Ne7 13. g4 Bg6 14. Rd1 Qc7 15. Be3 Nc6 16. Nc3 Be7 17. f4 O-O 18. Qb6 Rfc8 19. Qxc7 Rxc7 20. Bb6 Rcc8 21. Rd7 Bb4 22. Be2 Bxc3 23. bxc3 Be4 24. Kf2 Na7 25. c4 Bc6 26. Rd6 Re8 27. Rad1 Nc8 28. Bc7 Nxd6 29. exd6 Bd7 30. Bf3 b5 31. c5 Rac8 32. c6 1-0


[Site "https://www.chess.com"]

[Event "Titled Tuesday Blitz July 05 Early 2022"]
[White "Tabatabaei, M. Amin"]
[Black "Gubajdullin, Alexei"]
[WhiteFideId "12521213"]
[BlackFideId "4141202"]
[WhiteElo "2544"]
[BlackElo "2190"]
[Result "1-0"]
[Round "04"]
[TimeControl "180+1"]
[Date "2022.07.05"]
[WhiteClock "0:00:16"]
[BlackClock "0:00:03"]

1. d4 Nf6 2. Nf3 g6 3. g3 Bg7 4. Bg2 O-O 5. c4 d6 6. Nc3 Nc6 7. d5 Na5 8. b3 c5 9. Bb2 e5 10. e4 Ng4 11. O-O f5 12. exf5 gxf5 13. Qc2 e4 14. Ne1 e3 15. f3 Nf2 16. Ne2 Bxb2 17. Qxb2 f4 18. Nxf4 Rxf4 19. gxf4 Qh4 20. Rxf2 exf2+ 21. Qxf2 Qf6 22. Rd1 Bf5 23. Qg3+ Kh8 24. Qg5 Qf7 25. Nd3 Rg8 26. Qh4 Bxd3 27. Rxd3 Rxg2+ 28. Kxg2 Qg6+ 29. Qg5 Qxd3 30. Qd8+ Kg7 31. Qxa5 Qe2+ 32. Kg3 Qe7 33. Qc3+ Kh6 34. Qd2 Kh5 35. Kf2 Qf6 36. Qe3 Kh4 37. f5 Qb2+ 38. Qe2 Qd4+ 39. Kg2 Qg7+ 40. Kf1 Kh3 41. f6 Qg6 42. f7 Qb1+ 43. Kf2 Kxh2 44. Ke3+ Kh3 45. f8=Q Qc1+ 46. Kf2 Kh2 47. Qxd6+ Kh1 48. Qh2+ Kxh2 49. Qe5+ 1-0


[Site "https://www.chess.com"]

[Event "Titled Tuesday Blitz July 05 Early 2022"]
[White "Tari, Aryan"]
[Black "Cabarkapa, Novak"]
[WhiteFideId "1510045"]
[BlackFideId "943746"]
[WhiteElo "2612"]
[BlackElo "2390"]
[Result "1-0"]
[Round "04"]
[TimeControl "180+1"]
[Date "2022.07.05"]
[WhiteClock "0:00:20"]
[BlackClock "0:00:21"]

1. e4 e6 2. d4 d5 3. Nc3 Nf6 4. e5 Nfd7 5. f4 c5 6. Nf3 Nc6 7. Be3 Be7 8. Qd2 O-O 9. Nd1 cxd4 10. Nxd4 Nxd4 11. Bxd4 Nb8 12. Bd3 Nc6 13. c3 Nxd4 14. cxd4 Bd7 15. O-O b5 16. Ne3 Qb6 17. Kh1 Rac8 18. f5 exf5 19. Nxd5 Qd8 20. Nxe7+ Qxe7 21. Bxf5 Bxf5 22. Rxf5 Rfd8 23. Raf1 Rc4 24. Qf2 h6 25. Rxf7 Qe6 26. Rf8+ Rxf8 27. Qxf8+ Kh7 28. Qf2 Qg4 29. d5 Qe4 30. e6 Qxd5 31. Re1 Rc8 32. e7 Re8 33. Qxa7 Qd2 34. Qe3 Qxb2 35. Qe4+ Kh8 36. Qe6 Qf6 37. Qd7 Qf7 38. a3 Kh7 39. h3 Qf2 40. Qd3+ Kh8 41. Re3 Qf6 42. Qe4 Qf7 43. Qe5 Qf1+ 44. Kh2 Qf7 45. Re4 Qf6 46. Qxf6 gxf6 47. Kg3 Kg7 48. Kf4 Kg6 49. g4 Kg7 50. Kf5 Kf7 51. Re6 Rxe7 52. Rxe7+ Kxe7 53. Kg6 Kd6 54. Kxf6 Kc5 55. h4 Kc4 56. g5 hxg5 57. hxg5 Kb3 58. g6 Kxa3 59. g7 b4 60. g8=Q b3 61. Qa8+ Kb2 62. Ke5 Kc2 63. Qc6+ Kb2 64. Kd4 Ka1 65. Qa4+ Kb1 66. Qxb3+ Ka1 67. Qb8 1-0


[Site "https://www.chess.com"]

[Event "Titled Tuesday Blitz July 05 Early 2022"]
[White "Taspinar, Yanki"]
[Black "Shimanov, Aleksandr"]
[WhiteFideId "34561188"]
[BlackFideId "4198603"]
[WhiteElo "1549"]
[BlackElo "2605"]
[Result "0-1"]
[Round "04"]
[TimeControl "180+1"]
[Date "2022.07.05"]
[WhiteClock "0:00:07"]
[BlackClock "0:01:21"]

1. c4 g6 2. Nc3 Bg7 3. d4 Nf6 4. e4 O-O 5. Be2 d6 6. Bg5 c5 7. d5 e6 8. Qd2 exd5 9. exd5 Qb6 10. Nf3 Bf5 11. Bxf6 Bxf6 12. O-O Nd7 13. Rae1 Rfe8 14. Bd1 a6 15. Ba4 Qc7 16. Rxe8+ Rxe8 17. Re1 Rxe1+ 18. Qxe1 Ne5 19. Nxe5 Bxe5 20. Bd1 h5 21. g3 Kg7 22. Qd2 Qa5 23. Bb3 b5 24. Qe3 Qb4 25. cxb5 axb5 26. Qe2 c4 27. Bd1 Bxc3 28. bxc3 Qxc3 29. Kg2 Qd4 30. a4 Qxd5+ 31. f3 bxa4 32. Bxa4 Qd4 33. h4 d5 34. Be8 c3 35. Qe7 Qf6 36. Qc7 c2 37. Ba4 Qb2 0-1


[Site "https://www.chess.com"]

[Event "Titled Tuesday Blitz July 05 Early 2022"]
[White "Terry, Renato"]
[Black "Maximov, Dmitry"]
[WhiteFideId "3803457"]
[BlackFideId "14105659"]
[WhiteElo "2577"]
[BlackElo "2494"]
[Result "1-0"]
[Round "04"]
[TimeControl "180+1"]
[Date "2022.07.05"]
[WhiteClock "0:00:52"]
[BlackClock "0:00:01"]

1. d4 Nf6 2. Bg5 c5 3. Bxf6 gxf6 4. d5 Qb6 5. Qc1 f5 6. c4 h5 7. Nc3 h4 8. Nf3 Na6 9. e3 Qh6 10. a3 Bg7 11. Qc2 d6 12. Bd3 Qg6 13. Rg1 Bd7 14. g3 h3 15. O-O-O Qf6 16. Nh4 e6 17. f4 O-O-O 18. e4 Nc7 19. dxe6 fxe6 20. exf5 Kb8 21. Ne4 Qh6 22. Nxd6 Be8 23. Be4 Bd4 24. Rxd4 cxd4 25. Nxb7 exf5 26. Nxf5 d3 27. Nxh6 dxc2 28. Nxd8 Rxh6 29. c5 Ba4 30. Bxc2 Bxc2 31. Kxc2 Kc8 32. Rd1 Rg6 33. b4 a5 34. Kb3 axb4 35. axb4 Rg7 36. Nc6 Kb7 37. Ne5 Nb5 38. Kc4 Nc7 39. Rd6 Ne8 40. Rb6+ Kc7 41. Rh6 Re7 42. Rxh3 Nf6 43. Rh6 Ne4 44. Rc6+ Kb7 45. Rb6+ Kc7 46. Ra6 Kb7 47. b5 Nd2+ 48. Kd3 Nb3 49. c6+ Kb8 50. Kc4 Nd2+ 51. Kb4 Ne4 52. b6 Nd6 53. Nd7+ Rxd7 54. cxd7 Nb7 55. Ra7 Nd8 56. Kb5 1-0


[Site "https://www.chess.com"]

[Event "Titled Tuesday Blitz July 05 Early 2022"]
[White "Tokman, Ariel"]
[Black "Nakamura, Hikaru"]
[WhiteFideId "117420"]
[BlackFideId "2016192"]
[WhiteElo "2268"]
[BlackElo "2850"]
[Result "0-1"]
[Round "04"]
[TimeControl "180+1"]
[Date "2022.07.05"]
[WhiteClock "0:00:06"]
[BlackClock "0:01:11"]

1. Nf3 d5 2. g3 g6 3. Bg2 Bg7 4. d4 Nd7 5. Nbd2 c5 6. c3 Ngf6 7. O-O O-O 8. a4 b6 9. Ne5 Bb7 10. Ndf3 e6 11. Bf4 Rc8 12. Qb3 Ba6 13. Rfe1 Qe7 14. Nxd7 Nxd7 15. Bg5 Qe8 16. a5 b5 17. e4 dxe4 18. Rxe4 cxd4 19. cxd4 h6 20. Bd2 Nf6 21. Ree1 Qd8 22. Bb4 Re8 23. Bc5 Rc7 24. Ne5 Nd5 25. Rac1 Qc8 26. Rcd1 Rd8 27. h4 h5 28. Be4 b4 29. Nf3 Nf6 30. Bd3 Bb7 31. Bf1 Bd5 32. Qe3 Ng4 33. Qe2 e5 34. Bg2 exd4 35. Bxd4 Rc2 36. Rd2 Rxd2 37. Qxd2 Bxf3 0-1


[Site "https://www.chess.com"]